 Dungeon Crawl Stone Soup version 0.26-a0-61-g6c07f0ee8d (webtiles) character file.

Game seed: 15910954350776489198

16 bmfx the Slasher (level 2, 0/24 HPs)
             Began as a Vine Stalker Monk on June 9, 2020.
             Slain by an adder (2 damage)
             ... on level 1 of the Dungeon.
             The game lasted 00:01:10 (959 turns).

bmfx the Slasher (Vine Stalker Monk)                 Turns: 959, Time: 00:01:11

Health: 0/24       AC:  2    Str: 13    XL:     2   Next: 58%
Magic:  0/3        EV: 10    Int: 10    God:
Gold:   29         SH:  7    Dex: 16    Spells: 1/1 levels left

rFire    . . .     SeeInvis .   a - +0 falchion
rCold    . . .     Gourm    .   e - +0 kite shield
rNeg     . . .     Faith    .   b - +0 robe
rPois    .         Spirit   +   (no helmet)
rElec    .         Reflect  .   (no cloak)
rCorr    .         Harm     .   (no gloves)
MR       .....                  (no boots)
Stlth    ..........             (no amulet)
HPRegen  0.08/turn              (no ring)
MPRegen  0.08/turn              (no ring)

@: berserking, lethally poisoned (0 -> -5), very quick
A: fangs 2, magic shield, antimagic bite, no potion heal 3, rot immunity
a: no special abilities


You were on level 1 of the Dungeon.
You were not hungry.

You visited 1 branch of the dungeon, and saw 2 of its levels.

You collected 29 gold pieces.


Innate Abilities, Weirdness & Mutations

You have extremely sharp teeth.
When hurt, damage is shared between your health and your magic reserves.
Your bite disrupts and absorbs the magic of your enemies.
Potions cannot restore your health.
You are immune to rotting.

Dungeon Overview and Level Annotations

Branches:
Dungeon (2/15)

Altars:


   Skills:
 - Level 2.6 Fighting
 + Level 3.5 Long Blades
 - Level 2.4 Dodging
 - Level 2.4 Stealth


You had one spell level left.
You didn't know any spells.
Your spell library was empty.

Action                   || total
-------------------------++-------
Melee: Falchion          ||    39
       Bite              ||    13
  Use: Potion            ||     1
 Stab: Sleeping          ||     2
Armor: Robe              ||     7
Dodge: Dodged            ||    23
Block: Kite shield       ||    13
       Rpst.: Falchion   ||    10

Skill      XL: |  1 |
---------------+----+-----
Long Blades    | 3 |  3.5
Fighting       | |  2.6
Dodging        | |  2.4
Stealth        | |  2.4

Inventory:

Hand Weapons
 a - a +0 falchion (weapon)
Missiles
 o - 17 poisoned darts (quivered)
Armour
 b - a +0 robe (worn)
 d - a +0 cloak
 e - a +0 kite shield (worn)
Scrolls
 h - a scroll of amnesia {unknown}
 j - a scroll of remove curse {unknown}
 k - a scroll of identify {unknown}
Potions
 g - a potion of flight {unknown}
 i - a potion of cancellation {unknown}
 m - a potion of lignification {unknown}
 n - a potion of might {unknown}
Comestibles
 c - 3 rations
 f - 4 chunks of flesh {@w1}

#######...........# #.#
#..^............#.###.#
#...............#.##...
#........##.####)......
######.................#....
#...........##.#.###.###....
#.######....##.#.#..........
#.# #..S.##.#...#.####...
#.# #.##@................
#.# #.#########.#.####...
#.# ####...........#........
#.###..........#######......
#...'..........'............
#####..........#######......
#..........# #......
#..........# #######
#####...#### #


You could see an adder.

Vanquished Creatures
  A giant cockroach (D:1)
  4 goblins (D:1)
  3 hobgoblins (D:1)
  2 bats
  3 kobolds (D:1)
  3 rats (D:1)
16 creatures vanquished.

Levels and vault maps discovered:
D:1:      heliophobic_arrival_glass_houses, layout_basic
D:2:      layout_loops_ring, minitemple, uniq_robin


Message History

The adder is heavily wounded.
You block the adder's attack.
You barely miss the adder. Your bite misses the adder.
The adder is heavily wounded.
* * * LOW HITPOINT WARNING * * *
You feel sick. The adder bites you but does no damage.
The adder closely misses you.
You barely miss the adder.
The adder is heavily wounded.
* * * LOW HITPOINT WARNING * * *
You feel sick. The adder barely misses you. x2
You hit the adder. Your bite misses the adder.
The adder is severely wounded.
The adder closely misses you.
It was a potion of berserk rage.
A red film seems to cover your vision as you go berserk!
You feel yourself moving faster!
You feel mighty!
* * * LOW HITPOINT WARNING * * *
You feel sick. The adder bites you.
You die...

Notes
Turn   | Place    | Note
-------+----------+-------------------------------------------
     0 | D:1      | bmfx the Vine Stalker Monk began the quest for the Orb.
     0 | D:1      | Reached XP level 1. HP: 11/11 MP: 2/2
   201 | D:1      | Reached skill level 3 in Long Blades
   425 | D:1      | Reached XP level 2. HP: 16/16 MP: 3/3
   959 | D:1      | Slain by an adder
